 Dungeon Crawl Stone Soup version 0.30-a0-6-g7c9e10e132 (webtiles) character file.

Game seed: 3417331000364494021

234 SensoryNuts the Chopper (level 5, 0/41 HPs)
             Began as a Demonspawn Fighter on Aug 22, 2022.
             Slain by a wight
             ... wielding a +4 trident
              (3 damage)
             ... on level 4 of the Dungeon.
             The game lasted 00:07:32 (3521 turns).

SensoryNuts the Chopper (Demonspawn Fighter)        Turns: 3521, Time: 00:07:32

Health: 0/41       AC: 15    Str: 23    XL:     5   Next: 75%
Magic:  5/5        EV:  6    Int:  9    God:
Gold:   924        SH: 14    Dex: 16    Spells: 4/4 levels left

rFire   . . .      SeeInvis .    a - +0 war axe
rCold   . . .      Faith    .    c - +0 buckler
rNeg    . . .      Spirit   .    l - +0 plate armour
rPois   .          Reflect  +    (no helmet)
rElec   .          Harm     .    n - +0 cloak
rCorr   .          Rampage  .    k - +2 pair of gloves
Will    .....                    (no boots)
Stlth   ..........               v - amulet of reflection
HPRegen 0.13/turn                i - +6 ring of strength
MPRegen 0.09/turn                (no ring)

@: about to teleport
A: claws 1, large bone plates 1, foul stench 1, agile 1, high MP 1, wild magic 1
a: no special abilities


You were on level 4 of the Dungeon.
You visited 1 branch of the dungeon, and saw 4 of its levels.

You collected 924 gold pieces.

Inventory:

Hand Weapons
 a - a +0 war axe (weapon)
Missiles
 d - 2 throwing nets (quivered)
Armour
 c - a +0 buckler (worn)
 k - a +2 pair of gloves (worn)
 l - a +0 plate armour (worn)
 n - a +0 cloak (worn)
Jewellery
 f - an amulet of faith
 i - a +6 ring of strength (left hand)
 t - a ring of protection from cold
 v - an amulet of reflection (around neck)
Scrolls
 e - a scroll of poison
 h - a scroll of teleportation
 m - 4 scrolls of blinking
 p - a scroll of identify
Potions
 j - a potion of mutation


   Skills:
 + Level 3.4 Fighting
 * Level 4.2 Axes
 + Level 3.2 Armour
 + Level 0.5 Dodging
 + Level 3.7 Shields


You had 4 spell levels left.
You didn't know any spells.
Your spell library contained the following spells:

 Spells                   Type           Power      Damage    Failure   Level
 Gell's Gravitas          Tloc           0%         N/A       100%        3
 Ignite Poison            Fire/Tmut/Pois 0%         N/A       100%        3
 Lesser Beckoning         Tloc           0%         N/A       100%        3
 Mephitic Cloud           Conj/Pois/Air  0%         N/A       100%        3
 Teleport Other           Tloc           0%         N/A       100%        3
 Freezing Cloud           Conj/Ice/Air   0%         6-21      100%        5


Dungeon Overview and Level Annotations

Branches:
Dungeon (4/15)
 Temple: D:4-7

Altars:
Kikubaaqudgha

Shops:
D:2 ((?[


Innate Abilities, Weirdness & Mutations

You have sharp fingernails.
You are partially covered in large bone plates. (SH +4)
You may rarely emit foul miasma when damaged in melee.
You are agile. (Dex +4, Str/Int -1)
You have an increased reservoir of magic. (+10% MP)
Your spells are a little harder to cast, but a little more powerful.


Message History

Your butterfly is engulfed in poison gas.
Your butterfly is poisoned.
You kill your butterfly!
Your butterfly disappears in a burst of colours!
Your butterfly is engulfed in poison gas.
Your butterfly is poisoned.
You kill your butterfly!
Your butterfly disappears in a burst of colours!
The wight hits you but does no damage. You block the wight's attack.
Really attack your butterfly? [Y]es or [N]o only, please.
Really attack your butterfly?
Okay, then.
You swap places.
The wight hits your butterfly with a +0 spear!
Your butterfly dies!
Your butterfly disappears in a burst of colours!
Okay, then.
There are monsters nearby!
There are monsters nearby!
Unknown command.
You swap places.
You block the wight's attack. The wight hits you but does no damage.
You hit the wight.
The wight is moderately damaged.
The wight hits you with a +4 trident!
* * * LOW HITPOINT WARNING * * *
You block the wight's attack.
Okay, then.
Blink to where?
Press: ? - help, Dir - move target, p - wight
As you read the scroll of blinking, it crumbles to dust.
Your butterfly is engulfed in poison gas.
Your butterfly is poisoned.
You kill your butterfly!
Your butterfly disappears in a burst of colours!
As you read the scroll of teleportation, it crumbles to dust.
You feel strangely unstable.
The wight hits you from afar with a +4 trident.
You die...

.. ## .## . ..# ## #.#####
#... #.....# ..# #.....#
####################..[..#
......)....☼§○☼§@.##.....##.
....##########§§b.zz.§§§.....
....# .....§§§§#####.☼§§.....
....##.######### #..§☼.....
.......# #......... ....####
#####..... ....# #.... #####
.... ..


You could see 2 wights.

Vanquished Creatures
  2 wights (D:4)
  3 gnolls (D:3)
  3 adders
  A worm (D:2)
  3 dart slugs
  3 orcs (D:3)
  An endoplasm (D:1)
  6 giant cockroaches
  8 goblins
  8 hobgoblins
  9 kobolds
  A quokka (D:1)
  6 ball pythons
  3 bats
  4 frilled lizards
  5 rats
66 creatures vanquished.

Vanquished Creatures (others)
  A human (D:3)
1 creature vanquished.

Grand Total: 67 creatures vanquished

Notes
Turn   | Place    | Note
-------+----------+-------------------------------------------
     0 | D:1      | SensoryNuts the Demonspawn Fighter began the quest for the
                  | Orb.
     0 | D:1      | Reached XP level 1. HP: 18/18 MP: 1/1
   133 | D:1      | Found a faded altar of an unknown god.
   495 | D:1      | Reached skill level 2 in Axes
   495 | D:1      | Gained mutation: You are partially covered in large bone
                  | plates. (SH +4) [demonic ancestry]
   495 | D:1      | Reached XP level 2. HP: 20/24 MP: 2/2
  1159 | D:1      | You fall into a shaft and drop 1 floor!
  1159 | D:2      | Found Mowasicw's Armour Boutique.
  1226 | D:2      | Found Bije's Magic Scroll Emporium.
  1334 | D:1      | Gained mutation: You have sharp fingernails. [demonic
                  | ancestry]
  1334 | D:1      | Reached XP level 3. HP: 29/29 MP: 3/3
  1503 | D:2      | Found Var Zebazix's Weapon Emporium.
  2087 | D:2      | Found Pikyz's Weapon Emporium.
  2373 | D:3      | Reached XP level 4. HP: 10/35 MP: 4/4
  2380 | D:3      | Reached skill level 3 in Axes
  2380 | D:3      | HP: 2/52 [gnoll/+0 halberd (7)]
  2384 | D:3      | Gained mutation: You are agile. (Dex +4, Str/Int -1)
                  | [potion of mutation]
  2384 | D:3      | Gained mutation: You have an increased reservoir of magic.
                  | (+10% MP) [potion of mutation]
  2384 | D:3      | Gained mutation: Your spells are a little harder to cast,
                  | but a little more powerful. [potion of mutation]
  2536 | D:3      | Found an ancient bone altar of Kikubaaqudgha.
  2537 | D:3      | Noticed a human
  2539 | D:3      | Killed a human
  3102 | D:3      | Identified a scroll of acquirement
  3104 | D:3      | Acquired 753 gold pieces
  3492 | D:4      | Gained mutation: You may rarely emit foul miasma when
                  | damaged in melee. [demonic ancestry]
  3492 | D:4      | Reached XP level 5. HP: 27/41 MP: 5/5
  3501 | D:4      | Reached skill level 4 in Axes
  3519 | D:4      | HP: 2/41 [wight/+4 trident (8)]
  3521 | D:4      | Slain by a wight

Illustrated notes

Levels and vault maps discovered:
D:1:      elethiomel_arrival_maze, layout_loops_corners,
          shapermc_ecumenical_altar_mp_ritualfount
D:2:      layout_basic, serial_shops, shop, shop_scrolls, nicolae_square_shop,
          nicolae_shop_bloodbath_and_beyond, chequers_decorated_corner,
          minivault_19
D:3:      layout_loops_ring, tgw_kikubaaqudgha
D:4:      layout_rooms

Skill      XL: |  1  2  3  4  5 |
---------------+----------------+-----
Shields        | 3 |  3.7
Axes           | 2 3 4 |  4.2
Armour         | 3 |  3.2
Fighting       | |  3.4
Dodging        | |  0.5

Action                   |  1- 3 |  4- 6 || total
-------------------------+-------+-------++-------
Melee: War axe           |   128 |    77 ||   205
  Use: Potion            |       |    12 ||    12
       Scroll            |       |    12 ||    12
Armor: Plate armour      |    73 |    28 ||   101
       Scale mail        |     3 |       ||     3
       Skin              |       |    71 ||    71
Dodge: Dodged            |    31 |    18 ||    49
Block: Buckler           |    66 |   107 ||   173
       Reflection        |       |     1 ||     1

Table legend: (Time is in decaauts)
 A = Elapsed time spent in this place.
 B = Non-inter-level travel time spent in this place.
 C = Inter-level travel time spent in this place.
 D = Time resting spent in this place.
 E = Time spent auto-exploring this place.
 F = Levels seen in this place.
 G = Mean time per level.
                   A        B        C        D        E       F      G
               +--------+--------+--------+--------+--------+-----+--------+
         Total |   3614 |   3111 |    503 |      0 |   2457 |   4 |  903.5 |
       Dungeon |   3614 |   3111 |    503 |      0 |   2457 |   4 |  903.5 |
               +--------+--------+--------+--------+--------+-----+--------+

Top non-repeatable levels by time:
     D:1: 1456 daAuts
     D:2: 1080 daAuts
     D:3: 967 daAuts
     D:4: 110 daAuts
